Connexion

EDMONTON Oilers vs FLORIDA Panthers

Created - 10 octobre 2023 at 06:11

Goals
1 2 3 T
EDMONTON Oilers 1 2 2 5
FLORIDA Panthers 2 0 1 3
Shots
1 2 3 T
EDMONTON Oilers 18 11 12 41
FLORIDA Panthers 10 5 7 22

GoalsPenalties
1st period
1. FLORIDA Panthers , Justin Scott 2 (Mark Scheifele 6, Connor Timmins 8) at 14:07
2. FLORIDA Panthers , Kiril Kaprizov 4 (Ian Cole 12, Carter Verhaeghe 9) at 15:29
3. EDMONTON Oilers , Mitch Marner 11 (Oliver Ekman-Larsson 19) at 19:17
Connor Timmins (FLO) for Roughing (Minor) at 6:42
2nd period
4. EDMONTON Oilers , Clayton Keller 14 (Nico Hischier 18) at 1:07
5. EDMONTON Oilers , Anthony Cirelli 2 (Arthur Kaliyev 7, Tony DeAngelo 19) at 19:22
Oliver Ekman-Larsson (EDM) for Hooking (Minor) at 3:57
Connor Timmins (FLO) for Slashing (Minor) at 13:23
Mackenzie Entwistle (EDM) for High sticking (Minor) at 16:10
Mario Ferraro (FLO) for Tripping (Minor) at 17:13
3rd period
6. FLORIDA Panthers , Nikolay Goldobin 10 (Mark Scheifele 7, Noah Hanifin 11) at 3:39 (SH)
7. EDMONTON Oilers , Nikolaj Ehlers 8 (Roman Josi 13, Clayton Keller 15) at 5:03 (PP)
8. EDMONTON Oilers , Nico Hischier 8 (Mitch Marner 11, Clayton Keller 16) at 7:30
Roman Josi (EDM) for Tripping (Minor) at 1:39
Jacob Trouba (FLO) for Hooking (Minor) at 3:16
Cody Eakin (FLO) for Roughing (Minor) at 10:35
Goalie Stats
Juuse Saros (EDM), 19 saves from 22 shots - (0,864), W, 13-5-4, 60:00 minutes
Petr Mrazek (FLO), 36 saves from 41 shots - (0,878), L, 11-12-0, 60:00 minutes
3 StarsOfficial
1 - Clayton Keller (EDM)
2 - Mitch Marner (EDM)
3 - Nico Hischier (EDM)
Referees : Don VanMassenhoven and Francois StLaurent
Linesman : Brian Mach and Lonnie Cameron
Game Note
No Game Note
Finance
Level 1 -- Attendance: 5731 (95,52%) -- Ticket Income 745 030 $
Level 2 -- Attendance: 5230 (83,68%) -- Ticket Income 339 950 $
Level 3 -- Attendance: 1958 (97,90%) -- Ticket Income 97 900 $
Level 4 -- Attendance: 3778 (94,45%) -- Ticket Income 113 340 $
Luxury Box -- Attendance: 933 (93,30%) -- Ticket Income 223 920 $
Game was played at the BankAtlantic Center.
Total Attendance: 17630 (91,58%)
Total Ticket Income: 1 520 140 $
Other Income: 304 028 $
Total Income: 1 824 168 $



Team Name Goals Shots Shots Attemp Shots Blocked PIM HIT PP PK FO%
EDMONTON Oilers 5417986151 / 5 (20%)045%
FLORIDA Panthers 322581110250 / 3 (0%)155%

EDMONTON Oilers
Player Name POS G A P +/- PIM HIT SHT SB MP PP MP PP SHT PK MP PK SHT FO% FOT
Alexander RomanovD0000011113:490:0002:2500% 0
Anthony CirelliC1011015015:030:0003:11078% 18
Arthur KaliyevRW0111003011:520:0000:000100% 1
Casey CizikasC000001006:350:0000:00043% 7
Clayton KellerC/LW/RW1232006019:534:5111:1500% 3
Connor BunnamanC/LW000000006:350:0000:0000% 0
Dylan StromeC000-1005019:564:5110:23031% 26
Jack QuinnRW000-2020017:023:2400:0000% 1
Jonas SiegenthalerD0002000118:260:0002:0200% 0
Mackenzie EntwistleRW0001201012:010:1010:0000% 1
Mitch MarnerRW1121056018:113:3410:0000% 2
Nico HischierC1121003018:363:3401:15052% 21
Nikolaj EhlersLW101-1003121:434:5123:1400% 2
Oliver Ekman-LarssonD0111224123:014:3731:4700% 0
Rasmus SandinD0000001016:504:3610:1400% 0
Roman Josi D011-1211123:183:4910:5800% 0
Tony DeAngeloD0110020324:343:4801:5200% 0
Yegor SharangovichC/LW000000206:350:0000:0000% 0
FLORIDA Panthers
Player Name POS G A P +/- PIM HIT SHT SB MP PP MP PP SHT PK MP PK SHT FO% FOT
Barclay GoodrowLW/RW0001010013:260:0000:42050% 2
Carter VerhaegheC/RW011-2023019:542:2510:0000% 0
Cody EakinC/LW000-2211017:280:0000:00065% 17
Colton WhiteD0000030014:120:0000:0000% 0
Connor TimminsD0110450215:350:0001:2500% 0
Ian ColeD0111030124:242:2304:0300% 0
Jacob TroubaD000-2240420:532:1503:5200% 0
Justin ScottC/LW/RW1011011012:440:0000:000100% 1
Kiril KaprizovLW101-2014022:502:2502:560100% 2
Logan BrownC000000001:400:0000:00033% 3
Mario FerraroD000-2202320:282:1523:2700% 0
Mark ScheifeleC0222002021:082:1404:52048% 21
Michael BuntingLW000000001:400:0000:0000% 0
Mikael BacklundC/LW000-1012019:062:2502:56047% 19
Morgan GeekieC000000000:560:0000:000100% 1
Nikolay GoldobinLW/RW1010004023:222:1405:21157% 14
Noah HanifinD0111011124:242:2304:0300% 0
Rickard RakellC/LW/RW000-1022016:022:1410:03050% 2



Play-by-Play

1st period


0:01 of 1st period - Mikael Backlund wins face-off versus Dylan Strome in neutral zone.
0:08 of 1st period - Shot by Nikolay Goldobin.
0:08 of 1st period - Stopped by Juuse Saros without a rebound.
0:09 of 1st period - Nico Hischier wins face-off versus Cody Eakin in EDMONTON Oilers zone.
0:09 of 1st period - Nico Hischier is hit by Carter Verhaeghe.
0:19 of 1st period - Shot by Clayton Keller.
0:19 of 1st period - Shot Blocked by Jacob Trouba.
0:21 of 1st period - Shot by Oliver Ekman-Larsson.
0:21 of 1st period - Shot Blocked by Mario Ferraro.
0:23 of 1st period - Shot by Nico Hischier.
0:23 of 1st period - Shot Misses the Net.
0:25 of 1st period - Shot by Oliver Ekman-Larsson.
0:25 of 1st period - Stopped by Petr Mrazek without a rebound.
0:26 of 1st period - Mark Scheifele wins face-off versus Mackenzie Entwistle in FLORIDA Panthers zone.
0:49 of 1st period - Shot by Colton White.
0:49 of 1st period - Shot Misses the Net.
1:25 of 1st period - Dylan Strome is hit by Barclay Goodrow and loses puck.
1:59 of 1st period - Shot by Nikolay Goldobin.
1:59 of 1st period - Shot Misses the Net.
2:35 of 1st period - Mitch Marner is hit by Cody Eakin and loses puck.
2:45 of 1st period - Mitch Marner is hit by Kiril Kaprizov and loses puck.
3:02 of 1st period - Shot by Clayton Keller.
3:02 of 1st period - Stopped by Petr Mrazek without a rebound.
3:03 of 1st period - Casey Cizikas wins face-off versus Logan Brown in FLORIDA Panthers zone.
3:22 of 1st period - Shot by Nikolay Goldobin.
3:22 of 1st period - Stopped by Juuse Saros without a rebound.
3:23 of 1st period - Mark Scheifele wins face-off versus Anthony Cirelli in EDMONTON Oilers zone.
3:28 of 1st period - Shot by Mark Scheifele.
3:28 of 1st period - Stopped by Juuse Saros without a rebound.
3:29 of 1st period - Kiril Kaprizov wins face-off versus Mitch Marner in EDMONTON Oilers zone.
4:22 of 1st period - Off-side.
4:23 of 1st period - Dylan Strome wins face-off versus Mikael Backlund in neutral zone.
4:58 of 1st period - Ian Cole is hit by Jack Quinn and loses puck.
5:24 of 1st period - Icing by Rasmus Sandin.
5:25 of 1st period - Casey Cizikas wins face-off versus Mark Scheifele in EDMONTON Oilers zone.
5:38 of 1st period - Shot by Yegor Sharangovich.
5:38 of 1st period - Shot Blocked by Connor Timmins.
5:40 of 1st period - Shot by Casey Cizikas.
5:40 of 1st period - Shot Misses the Net.
5:42 of 1st period - Shot by Alexander Romanov.
5:42 of 1st period - Stopped by Petr Mrazek without a rebound.
5:43 of 1st period - Nico Hischier wins face-off versus Cody Eakin in FLORIDA Panthers zone.
6:00 of 1st period - Shot by Kiril Kaprizov.
6:00 of 1st period - Stopped by Juuse Saros with a rebound.
6:02 of 1st period - Shot by Cody Eakin.
6:02 of 1st period - Stopped by Juuse Saros without a rebound.
6:03 of 1st period - Mark Scheifele wins face-off versus Anthony Cirelli in EDMONTON Oilers zone.
6:20 of 1st period - Roman Josi is hit by Connor Timmins and loses puck.
6:34 of 1st period - Icing by Connor Timmins.
6:35 of 1st period - Nico Hischier wins face-off versus Mark Scheifele in FLORIDA Panthers zone.
6:35 of 1st period - Nico Hischier is hit by Colton White.
6:40 of 1st period - Icing by Colton White.
6:41 of 1st period - Nico Hischier wins face-off versus Mark Scheifele in FLORIDA Panthers zone.
6:41 of 1st period - Oliver Ekman-Larsson is hit by Colton White and loses puck.
6:42 of 1st period - Minor Penalty to Connor Timmins for Roughing.
6:43 of 1st period - Nikolay Goldobin wins face-off versus Dylan Strome in FLORIDA Panthers zone.
6:49 of 1st period - Icing by Nikolaj Ehlers.
6:50 of 1st period - Nikolay Goldobin wins face-off versus Nikolaj Ehlers in EDMONTON Oilers zone.
7:03 of 1st period - Shot by Dylan Strome.
7:03 of 1st period - Stopped by Petr Mrazek without a rebound.
7:04 of 1st period - Nikolay Goldobin wins face-off versus Nico Hischier in FLORIDA Panthers zone.
7:04 of 1st period - Nikolay Goldobin is hit by Jack Quinn.
7:11 of 1st period - Icing by Nico Hischier.
7:12 of 1st period - Nico Hischier wins face-off versus Nikolay Goldobin in EDMONTON Oilers zone.
7:29 of 1st period - Shot by Oliver Ekman-Larsson.
7:29 of 1st period - Stopped by Petr Mrazek without a rebound.
7:30 of 1st period - Dylan Strome wins face-off versus Nikolay Goldobin in FLORIDA Panthers zone.
7:33 of 1st period - Shot by Roman Josi .
7:33 of 1st period - Stopped by Petr Mrazek without a rebound.
7:34 of 1st period - Dylan Strome wins face-off versus Nikolay Goldobin in FLORIDA Panthers zone.
7:47 of 1st period - Shot by Tony DeAngelo.
7:47 of 1st period - Shot Misses the Net.
7:49 of 1st period - Shot by Tony DeAngelo.
7:49 of 1st period - Shot Misses the Net.
7:51 of 1st period - Shot by Nikolaj Ehlers.
7:51 of 1st period - Stopped by Petr Mrazek without a rebound.
7:52 of 1st period - Nico Hischier wins face-off versus Mikael Backlund in FLORIDA Panthers zone.
7:55 of 1st period - Shot by Nico Hischier.
7:55 of 1st period - Shot Misses the Net.
7:57 of 1st period - Shot by Oliver Ekman-Larsson.
7:57 of 1st period - Stopped by Petr Mrazek with a rebound.
7:59 of 1st period - Shot by Rasmus Sandin.
7:59 of 1st period - Shot Misses the Net.
8:01 of 1st period - Shot by Mitch Marner.
8:01 of 1st period - Shot Misses the Net.
8:03 of 1st period - Shot by Mitch Marner.
8:03 of 1st period - Stopped by Petr Mrazek without a rebound.
8:04 of 1st period - Nikolay Goldobin wins face-off versus Dylan Strome in FLORIDA Panthers zone.
8:27 of 1st period - Shot by Nikolaj Ehlers.
8:27 of 1st period - Shot Misses the Net.
8:53 of 1st period - Shot by Anthony Cirelli.
8:53 of 1st period - Shot Misses the Net.
10:32 of 1st period - Alexander Romanov is hit by Rickard Rakell and loses puck.
10:38 of 1st period - Alexander Romanov is hit by Jacob Trouba and loses puck.
11:23 of 1st period - Shot by Nico Hischier.
11:23 of 1st period - Stopped by Petr Mrazek without a rebound.
11:24 of 1st period - Cody Eakin wins face-off versus Dylan Strome in FLORIDA Panthers zone.
11:35 of 1st period - Shot by Kiril Kaprizov.
11:35 of 1st period - Shot Blocked by Nikolaj Ehlers.
11:37 of 1st period - Shot by Carter Verhaeghe.
11:37 of 1st period - Stopped by Juuse Saros without a rebound.
11:38 of 1st period - Anthony Cirelli wins face-off versus Mark Scheifele in EDMONTON Oilers zone.
11:38 of 1st period - Anthony Cirelli is hit by Justin Scott.
11:49 of 1st period - Icing by Oliver Ekman-Larsson.
11:50 of 1st period - Anthony Cirelli wins face-off versus Cody Eakin in EDMONTON Oilers zone.
12:18 of 1st period - Shot by Anthony Cirelli.
12:18 of 1st period - Shot Misses the Net.
12:20 of 1st period - Shot by Anthony Cirelli.
12:20 of 1st period - Stopped by Petr Mrazek with a rebound.
13:43 of 1st period - Shot by Justin Scott.
13:43 of 1st period - Shot Misses the Net.
14:05 of 1st period - Shot by Mark Scheifele.
14:05 of 1st period - Shot Misses the Net.
14:07 of 1st period - Shot by Justin Scott.
14:07 of 1st period - Goal by Justin Scott - EDMONTON Oilers : 0 - FLORIDA Panthers : 1.
14:08 of 1st period - Nico Hischier wins face-off versus Cody Eakin in neutral zone.
14:19 of 1st period - Shot by Kiril Kaprizov.
14:19 of 1st period - Shot Misses the Net.
14:25 of 1st period - Noah Hanifin is hit by Mitch Marner and loses puck.
14:30 of 1st period - Shot by Mitch Marner.
14:30 of 1st period - Deflect By Clayton Keller.
14:30 of 1st period - Shot Hit the Post.
14:32 of 1st period - Shot by Mitch Marner.
14:32 of 1st period - Shot Blocked by Ian Cole.
14:34 of 1st period - Shot by Mitch Marner.
14:34 of 1st period - Shot Blocked by Noah Hanifin.
14:38 of 1st period - Shot by Mitch Marner.
14:38 of 1st period - Stopped by Petr Mrazek without a rebound.
14:39 of 1st period - Anthony Cirelli wins face-off versus Mikael Backlund in FLORIDA Panthers zone.
14:58 of 1st period - Shot by Nikolay Goldobin.
14:58 of 1st period - Shot Misses the Net.
15:04 of 1st period - Shot by Anthony Cirelli.
15:04 of 1st period - Shot Blocked by Jacob Trouba.
15:06 of 1st period - Shot by Anthony Cirelli.
15:06 of 1st period - Deflect By Arthur Kaliyev.
15:06 of 1st period - Stopped by Petr Mrazek with a rebound.
15:08 of 1st period - Shot by Jonas Siegenthaler.
15:08 of 1st period - Deflect By Arthur Kaliyev.
15:08 of 1st period - Stopped by Petr Mrazek with a rebound.
15:10 of 1st period - Shot by Anthony Cirelli.
15:10 of 1st period - Stopped by Petr Mrazek without a rebound.
15:11 of 1st period - Cody Eakin wins face-off versus Nico Hischier in FLORIDA Panthers zone.
15:11 of 1st period - Cody Eakin is hit by Mitch Marner.
15:18 of 1st period - Rasmus Sandin is hit by Carter Verhaeghe and loses puck.
15:29 of 1st period - Shot by Kiril Kaprizov.
15:29 of 1st period - Goal by Kiril Kaprizov - EDMONTON Oilers : 0 - FLORIDA Panthers : 2.
15:30 of 1st period - Mark Scheifele wins face-off versus Casey Cizikas in neutral zone.
15:58 of 1st period - Shot by Casey Cizikas.
15:58 of 1st period - Deflect By Yegor Sharangovich.
15:58 of 1st period - Stopped by Petr Mrazek without a rebound.
15:59 of 1st period - Mikael Backlund wins face-off versus Nico Hischier in FLORIDA Panthers zone.
16:22 of 1st period - Shot by Noah Hanifin.
16:22 of 1st period - Shot Misses the Net.
16:26 of 1st period - Shot by Noah Hanifin.
16:26 of 1st period - Shot Blocked by Jonas Siegenthaler.
17:06 of 1st period - Shot by Cody Eakin.
17:06 of 1st period - Deflect By Kiril Kaprizov.
17:06 of 1st period - Stopped by Juuse Saros without a rebound.
17:07 of 1st period - Justin Scott wins face-off versus Dylan Strome in EDMONTON Oilers zone.
17:13 of 1st period - Roman Josi is hit by Connor Timmins and loses puck.
18:17 of 1st period - Icing by Mario Ferraro.
18:18 of 1st period - Anthony Cirelli wins face-off versus Cody Eakin in FLORIDA Panthers zone.
18:39 of 1st period - Shot by Anthony Cirelli.
18:39 of 1st period - Shot Misses the Net.
18:41 of 1st period - Shot by Anthony Cirelli.
18:41 of 1st period - Stopped by Petr Mrazek without a rebound.
18:42 of 1st period - Mikael Backlund wins face-off versus Nico Hischier in FLORIDA Panthers zone.
19:17 of 1st period - Shot by Mitch Marner.
19:17 of 1st period - Goal by Mitch Marner - EDMONTON Oilers : 1 - FLORIDA Panthers : 2.
19:18 of 1st period - Cody Eakin wins face-off versus Casey Cizikas in neutral zone.
19:38 of 1st period - Shot by Kiril Kaprizov.
19:38 of 1st period - Stopped by Juuse Saros without a rebound.
19:39 of 1st period - Mark Scheifele wins face-off versus Dylan Strome in EDMONTON Oilers zone.
Goals for this period are 1 for EDMONTON Oilers vs 2 for FLORIDA Panthers.
Shots for this period are 18 for EDMONTON Oilers vs 10 for FLORIDA Panthers.

2nd period


0:01 of 2nd period - Mikael Backlund wins face-off versus Dylan Strome in neutral zone.
0:27 of 2nd period - Roman Josi is hit by Mikael Backlund and loses puck.
1:07 of 2nd period - Shot by Clayton Keller.
1:07 of 2nd period - Goal by Clayton Keller - EDMONTON Oilers : 2 - FLORIDA Panthers : 2.
1:08 of 2nd period - Nico Hischier wins face-off versus Mark Scheifele in neutral zone.
1:15 of 2nd period - Shot by Clayton Keller.
1:15 of 2nd period - Shot Misses the Net.
1:26 of 2nd period - Oliver Ekman-Larsson is hit by Connor Timmins and loses puck.
2:38 of 2nd period - Shot by Cody Eakin.
2:38 of 2nd period - Shot Misses the Net.
2:41 of 2nd period - Icing by Rasmus Sandin.
2:42 of 2nd period - Anthony Cirelli wins face-off versus Mikael Backlund in EDMONTON Oilers zone.
2:54 of 2nd period - Rickard Rakell is hit by Alexander Romanov and loses puck.
2:57 of 2nd period - Shot by Nikolay Goldobin.
2:57 of 2nd period - Shot Hit the Post.
3:03 of 2nd period - Shot by Rickard Rakell.
3:03 of 2nd period - Stopped by Juuse Saros without a rebound.
3:04 of 2nd period - Mark Scheifele wins face-off versus Nikolaj Ehlers in EDMONTON Oilers zone.
3:05 of 2nd period - Shot by Justin Scott.
3:05 of 2nd period - Deflect By Mark Scheifele.
3:05 of 2nd period - Shot Blocked by Tony DeAngelo.
3:07 of 2nd period - Shot by Mark Scheifele.
3:07 of 2nd period - Stopped by Juuse Saros without a rebound.
3:08 of 2nd period - Logan Brown wins face-off versus Dylan Strome in EDMONTON Oilers zone.
3:35 of 2nd period - Shot by Dylan Strome.
3:35 of 2nd period - Deflect By Nikolaj Ehlers.
3:35 of 2nd period - Shot Misses the Net.
3:37 of 2nd period - Shot by Tony DeAngelo.
3:37 of 2nd period - Shot Misses the Net.
3:39 of 2nd period - Shot by Dylan Strome.
3:39 of 2nd period - Stopped by Petr Mrazek without a rebound.
3:40 of 2nd period - Cody Eakin wins face-off versus Mitch Marner in FLORIDA Panthers zone.
3:40 of 2nd period - Cody Eakin is hit by Mitch Marner.
3:57 of 2nd period - Minor Penalty to Oliver Ekman-Larsson for Hooking.
3:58 of 2nd period - Anthony Cirelli wins face-off versus Mark Scheifele in EDMONTON Oilers zone.
4:37 of 2nd period - Shot by Rickard Rakell.
4:37 of 2nd period - Shot Misses the Net.
4:39 of 2nd period - Shot by Mark Scheifele.
4:39 of 2nd period - Shot Blocked by Alexander Romanov.
4:55 of 2nd period - Shot by Jacob Trouba.
4:55 of 2nd period - Shot Misses the Net.
5:09 of 2nd period - Shot by Jacob Trouba.
5:09 of 2nd period - Shot Hit the Post.
5:11 of 2nd period - Shot by Mario Ferraro.
5:11 of 2nd period - Shot Misses the Net.
5:13 of 2nd period - Shot by Mario Ferraro.
5:13 of 2nd period - Stopped by Juuse Saros with a rebound.
5:15 of 2nd period - Shot by Mario Ferraro.
5:15 of 2nd period - Shot Blocked by Tony DeAngelo.
5:17 of 2nd period - Shot by Jacob Trouba.
5:17 of 2nd period - Shot Misses the Net.
5:19 of 2nd period - Shot by Mario Ferraro.
5:19 of 2nd period - Shot Hit the Post.
5:21 of 2nd period - Shot by Mario Ferraro.
5:21 of 2nd period - Stopped by Juuse Saros without a rebound.
5:22 of 2nd period - Anthony Cirelli wins face-off versus Rickard Rakell in EDMONTON Oilers zone.
5:44 of 2nd period - Shot by Ian Cole.
5:44 of 2nd period - Shot Misses the Net.
7:01 of 2nd period - Icing by Casey Cizikas.
7:02 of 2nd period - Mark Scheifele wins face-off versus Casey Cizikas in EDMONTON Oilers zone.
7:36 of 2nd period - Rasmus Sandin is hit by Jacob Trouba and loses puck.
7:42 of 2nd period - Off-side.
7:43 of 2nd period - Mikael Backlund wins face-off versus Jack Quinn in neutral zone.
7:45 of 2nd period - Off-side.
7:46 of 2nd period - Mikael Backlund wins face-off versus Dylan Strome in neutral zone.
8:17 of 2nd period - Shot by Dylan Strome.
8:17 of 2nd period - Stopped by Petr Mrazek without a rebound.
8:18 of 2nd period - Kiril Kaprizov wins face-off versus Clayton Keller in FLORIDA Panthers zone.
8:18 of 2nd period - Kiril Kaprizov is hit by Mitch Marner.
8:23 of 2nd period - Jacob Trouba is hit by Roman Josi and loses puck.
8:36 of 2nd period - Shot by Mitch Marner.
8:36 of 2nd period - Stopped by Petr Mrazek with a rebound.
8:38 of 2nd period - Shot by Roman Josi .
8:38 of 2nd period - Shot Blocked by Jacob Trouba.
9:54 of 2nd period - Icing by Dylan Strome.
9:55 of 2nd period - Mark Scheifele wins face-off versus Dylan Strome in EDMONTON Oilers zone.
10:19 of 2nd period - Shot by Anthony Cirelli.
10:19 of 2nd period - Shot Blocked by Connor Timmins.
11:59 of 2nd period - Shot by Clayton Keller.
11:59 of 2nd period - Stopped by Petr Mrazek with a rebound.
12:01 of 2nd period - Shot by Mitch Marner.
12:01 of 2nd period - Stopped by Petr Mrazek without a rebound.
12:02 of 2nd period - Dylan Strome wins face-off versus Mikael Backlund in FLORIDA Panthers zone.
12:35 of 2nd period - Rickard Rakell is hit by Oliver Ekman-Larsson and loses puck.
12:39 of 2nd period - Icing by Dylan Strome.
12:40 of 2nd period - Dylan Strome wins face-off versus Mark Scheifele in EDMONTON Oilers zone.
13:23 of 2nd period - Minor Penalty to Connor Timmins for Slashing.
13:24 of 2nd period - Nico Hischier wins face-off versus Nikolay Goldobin in FLORIDA Panthers zone.
13:24 of 2nd period - Roman Josi is hit by Ian Cole and loses puck.
13:59 of 2nd period - Ian Cole is hit by Mitch Marner and loses puck.
14:45 of 2nd period - Clayton Keller is hit by Jacob Trouba and loses puck.
14:50 of 2nd period - Shot by Oliver Ekman-Larsson.
14:50 of 2nd period - Stopped by Petr Mrazek with a rebound.
14:52 of 2nd period - Shot by Oliver Ekman-Larsson.
14:52 of 2nd period - Shot Blocked by Mario Ferraro.
15:04 of 2nd period - Shot by Nico Hischier.
15:04 of 2nd period - Shot Blocked by Jacob Trouba.
15:06 of 2nd period - Shot by Mackenzie Entwistle.
15:06 of 2nd period - Stopped by Petr Mrazek without a rebound.
15:07 of 2nd period - Nikolay Goldobin wins face-off versus Dylan Strome in FLORIDA Panthers zone.
15:29 of 2nd period - Icing by Connor Timmins.
15:30 of 2nd period - Anthony Cirelli wins face-off versus Logan Brown in FLORIDA Panthers zone.
15:31 of 2nd period - Shot by Roman Josi .
15:31 of 2nd period - Shot Misses the Net.
15:40 of 2nd period - Connor Timmins is hit by Tony DeAngelo and loses puck.
16:10 of 2nd period - Minor Penalty to Mackenzie Entwistle for High sticking.
16:11 of 2nd period - Anthony Cirelli wins face-off versus Mikael Backlund in EDMONTON Oilers zone.
16:46 of 2nd period - Shot by Kiril Kaprizov.
16:46 of 2nd period - Deflect By Carter Verhaeghe.
16:46 of 2nd period - Stopped by Juuse Saros without a rebound.
16:47 of 2nd period - Mark Scheifele wins face-off versus Nico Hischier in EDMONTON Oilers zone.
17:10 of 2nd period - Shot by Dylan Strome.
17:10 of 2nd period - Shot Misses the Net.
17:12 of 2nd period - Shot by Oliver Ekman-Larsson.
17:12 of 2nd period - Shot Misses the Net.
17:13 of 2nd period - Minor Penalty to Mario Ferraro for Tripping.
17:14 of 2nd period - Morgan Geekie wins face-off versus Dylan Strome in FLORIDA Panthers zone.
17:33 of 2nd period - Shot by Dylan Strome.
17:33 of 2nd period - Shot Misses the Net.
17:41 of 2nd period - Shot by Dylan Strome.
17:41 of 2nd period - Shot Misses the Net.
18:03 of 2nd period - Rasmus Sandin is hit by Ian Cole.
18:21 of 2nd period - Shot by Rasmus Sandin.
18:21 of 2nd period - Stopped by Petr Mrazek without a rebound.
18:22 of 2nd period - Nikolay Goldobin wins face-off versus Dylan Strome in FLORIDA Panthers zone.
18:45 of 2nd period - Shot by Clayton Keller.
18:45 of 2nd period - Stopped by Petr Mrazek with a rebound.
18:55 of 2nd period - Mark Scheifele is hit by Oliver Ekman-Larsson and loses puck.
19:20 of 2nd period - Shot by Arthur Kaliyev.
19:20 of 2nd period - Shot Blocked by Mario Ferraro.
19:22 of 2nd period - Shot by Anthony Cirelli.
19:22 of 2nd period - Goal by Anthony Cirelli - EDMONTON Oilers : 3 - FLORIDA Panthers : 2.
19:23 of 2nd period - Cody Eakin wins face-off versus Casey Cizikas in neutral zone.
19:23 of 2nd period - Kiril Kaprizov is hit by Casey Cizikas and loses puck.
19:48 of 2nd period - Icing by Ian Cole.
19:49 of 2nd period - Cody Eakin wins face-off versus Anthony Cirelli in FLORIDA Panthers zone.
Goals for this period are 2 for EDMONTON Oilers vs 0 for FLORIDA Panthers.
Shots for this period are 11 for EDMONTON Oilers vs 5 for FLORIDA Panthers.

3rd period


0:01 of 3rd period - Mikael Backlund wins face-off versus Nico Hischier in neutral zone.
0:10 of 3rd period - Shot by Mikael Backlund.
0:10 of 3rd period - Deflect By Nikolay Goldobin.
0:10 of 3rd period - Shot Misses the Net.
0:12 of 3rd period - Shot by Noah Hanifin.
0:12 of 3rd period - Shot Misses the Net.
0:14 of 3rd period - Shot by Ian Cole.
0:14 of 3rd period - Shot Misses the Net.
1:24 of 3rd period - Shot by Cody Eakin.
1:24 of 3rd period - Shot Misses the Net.
1:33 of 3rd period - Cody Eakin is hit by Tony DeAngelo and loses puck.
1:39 of 3rd period - Minor Penalty to Roman Josi for Tripping.
1:40 of 3rd period - Anthony Cirelli wins face-off versus Mark Scheifele in EDMONTON Oilers zone.
2:05 of 3rd period - Shot by Ian Cole.
2:05 of 3rd period - Shot Misses the Net.
2:07 of 3rd period - Shot by Rickard Rakell.
2:07 of 3rd period - Stopped by Juuse Saros without a rebound.
2:08 of 3rd period - Anthony Cirelli wins face-off versus Mikael Backlund in EDMONTON Oilers zone.
2:28 of 3rd period - Icing by Kiril Kaprizov.
2:29 of 3rd period - Mikael Backlund wins face-off versus Anthony Cirelli in FLORIDA Panthers zone.
3:16 of 3rd period - Minor Penalty to Jacob Trouba for Hooking.
3:17 of 3rd period - Dylan Strome wins face-off versus Nikolay Goldobin in FLORIDA Panthers zone.
3:39 of 3rd period - Shot by Nikolay Goldobin.
3:39 of 3rd period - Goal by Nikolay Goldobin - EDMONTON Oilers : 3 - FLORIDA Panthers : 3.
3:40 of 3rd period - Nikolay Goldobin wins face-off versus Nico Hischier in neutral zone.
3:56 of 3rd period - Icing by Nico Hischier.
3:57 of 3rd period - Nikolay Goldobin wins face-off versus Nico Hischier in EDMONTON Oilers zone.
5:01 of 3rd period - Shot by Roman Josi .
5:01 of 3rd period - Shot Misses the Net.
5:03 of 3rd period - Shot by Nikolaj Ehlers.
5:03 of 3rd period - Goal by Nikolaj Ehlers - EDMONTON Oilers : 4 - FLORIDA Panthers : 3.
5:04 of 3rd period - Arthur Kaliyev wins face-off versus Cody Eakin in neutral zone.
5:13 of 3rd period - Shot by Mackenzie Entwistle.
5:13 of 3rd period - Shot Misses the Net.
6:34 of 3rd period - Icing by Arthur Kaliyev.
6:35 of 3rd period - Anthony Cirelli wins face-off versus Mikael Backlund in EDMONTON Oilers zone.
6:44 of 3rd period - Shot by Mikael Backlund.
6:44 of 3rd period - Stopped by Juuse Saros without a rebound.
6:45 of 3rd period - Mikael Backlund wins face-off versus Dylan Strome in EDMONTON Oilers zone.
6:56 of 3rd period - Shot by Rickard Rakell.
6:56 of 3rd period - Deflect By Nikolay Goldobin.
6:56 of 3rd period - Shot Misses the Net.
6:58 of 3rd period - Shot by Nikolay Goldobin.
6:58 of 3rd period - Shot Misses the Net.
7:00 of 3rd period - Shot by Noah Hanifin.
7:00 of 3rd period - Stopped by Juuse Saros without a rebound.
7:01 of 3rd period - Cody Eakin wins face-off versus Clayton Keller in EDMONTON Oilers zone.
7:09 of 3rd period - Nico Hischier is hit by Connor Timmins and loses puck.
7:19 of 3rd period - Clayton Keller is hit by Connor Timmins and loses puck.
7:26 of 3rd period - Shot by Mitch Marner.
7:26 of 3rd period - Shot Misses the Net.
7:28 of 3rd period - Shot by Mitch Marner.
7:28 of 3rd period - Shot Misses the Net.
7:30 of 3rd period - Shot by Nico Hischier.
7:30 of 3rd period - Goal by Nico Hischier - EDMONTON Oilers : 5 - FLORIDA Panthers : 3.
7:31 of 3rd period - Rickard Rakell wins face-off versus Dylan Strome in neutral zone.
7:58 of 3rd period - Jack Quinn is hit by Rickard Rakell and loses puck.
8:42 of 3rd period - Shot by Carter Verhaeghe.
8:42 of 3rd period - Shot Misses the Net.
9:42 of 3rd period - Shot by Yegor Sharangovich.
9:42 of 3rd period - Stopped by Petr Mrazek without a rebound.
9:43 of 3rd period - Anthony Cirelli wins face-off versus Mark Scheifele in FLORIDA Panthers zone.
9:44 of 3rd period - Shot by Arthur Kaliyev.
9:44 of 3rd period - Shot Misses the Net.
9:46 of 3rd period - Shot by Anthony Cirelli.
9:46 of 3rd period - Stopped by Petr Mrazek with a rebound.
9:56 of 3rd period - Icing by Barclay Goodrow.
9:57 of 3rd period - Dylan Strome wins face-off versus Mark Scheifele in FLORIDA Panthers zone.
9:57 of 3rd period - Jack Quinn is hit by Colton White and loses puck.
10:14 of 3rd period - Shot by Dylan Strome.
10:14 of 3rd period - Stopped by Petr Mrazek without a rebound.
10:15 of 3rd period - Nico Hischier wins face-off versus Mikael Backlund in FLORIDA Panthers zone.
10:28 of 3rd period - Icing by Nico Hischier.
10:29 of 3rd period - Cody Eakin wins face-off versus Nico Hischier in EDMONTON Oilers zone.
10:35 of 3rd period - Minor Penalty to Cody Eakin for Roughing.
10:36 of 3rd period - Nico Hischier wins face-off versus Nikolay Goldobin in FLORIDA Panthers zone.
11:36 of 3rd period - Clayton Keller is hit by Noah Hanifin and loses puck.
12:29 of 3rd period - Icing by Oliver Ekman-Larsson.
12:30 of 3rd period - Barclay Goodrow wins face-off versus Dylan Strome in EDMONTON Oilers zone.
12:59 of 3rd period - Shot by Cody Eakin.
12:59 of 3rd period - Deflect By Carter Verhaeghe.
12:59 of 3rd period - Shot Misses the Net.
13:41 of 3rd period - Shot by Rickard Rakell.
13:41 of 3rd period - Deflect By Nikolay Goldobin.
13:41 of 3rd period - Shot Misses the Net.
13:43 of 3rd period - Shot by Mikael Backlund.
13:43 of 3rd period - Shot Blocked by Tony DeAngelo.
13:45 of 3rd period - Shot by Nikolay Goldobin.
13:45 of 3rd period - Shot Blocked by Roman Josi .
14:07 of 3rd period - Justin Scott is hit by Anthony Cirelli and loses puck.
14:46 of 3rd period - Icing by Ian Cole.
14:47 of 3rd period - Mark Scheifele wins face-off versus Dylan Strome in FLORIDA Panthers zone.
15:06 of 3rd period - Shot by Dylan Strome.
15:06 of 3rd period - Stopped by Petr Mrazek without a rebound.
15:07 of 3rd period - Cody Eakin wins face-off versus Clayton Keller in FLORIDA Panthers zone.
15:27 of 3rd period - Icing by Jacob Trouba.
15:28 of 3rd period - Cody Eakin wins face-off versus Dylan Strome in FLORIDA Panthers zone.
15:43 of 3rd period - Shot by Kiril Kaprizov.
15:43 of 3rd period - Deflect By Carter Verhaeghe.
15:43 of 3rd period - Stopped by Juuse Saros with a rebound.
16:43 of 3rd period - Shot by Nikolay Goldobin.
16:43 of 3rd period - Stopped by Juuse Saros without a rebound.
16:44 of 3rd period - Casey Cizikas wins face-off versus Barclay Goodrow in EDMONTON Oilers zone.
16:57 of 3rd period - Shot by Justin Scott.
16:57 of 3rd period - Shot Misses the Net.
16:59 of 3rd period - Shot by Barclay Goodrow.
16:59 of 3rd period - Shot Misses the Net.
17:44 of 3rd period - Tony DeAngelo is hit by Ian Cole and loses puck.
17:57 of 3rd period - Shot by Mikael Backlund.
17:57 of 3rd period - Stopped by Juuse Saros without a rebound.
17:58 of 3rd period - Cody Eakin wins face-off versus Nico Hischier in EDMONTON Oilers zone.
17:59 of 3rd period - Shot by Carter Verhaeghe.
17:59 of 3rd period - Deflect By Cody Eakin.
17:59 of 3rd period - Shot Blocked by Oliver Ekman-Larsson.
18:04 of 3rd period - Clayton Keller is hit by Jacob Trouba and loses puck.
18:09 of 3rd period - Shot by Clayton Keller.
18:09 of 3rd period - Stopped by Petr Mrazek without a rebound.
18:10 of 3rd period - Dylan Strome wins face-off versus Mikael Backlund in FLORIDA Panthers zone.
18:11 of 3rd period - Shot by Nikolaj Ehlers.
18:11 of 3rd period - Shot Misses the Net.
18:35 of 3rd period - Shot by Nikolaj Ehlers.
18:35 of 3rd period - Stopped by Petr Mrazek with a rebound.
19:13 of 3rd period - Shot by Mitch Marner.
19:13 of 3rd period - Shot Misses the Net.
19:17 of 3rd period - Shot by Mitch Marner.
19:17 of 3rd period - Stopped by Petr Mrazek with a rebound.
19:19 of 3rd period - Shot by Nico Hischier.
19:19 of 3rd period - Stopped by Petr Mrazek with a rebound.
19:28 of 3rd period - Shot by Nico Hischier.
19:28 of 3rd period - Deflect By Clayton Keller.
19:28 of 3rd period - Stopped by Petr Mrazek without a rebound.
19:29 of 3rd period - Anthony Cirelli wins face-off versus Mark Scheifele in FLORIDA Panthers zone.
19:56 of 3rd period - Shot by Arthur Kaliyev.
19:56 of 3rd period - Stopped by Petr Mrazek with a rebound.
Goals for this period are 2 for EDMONTON Oilers vs 1 for FLORIDA Panthers.
Shots for this period are 12 for EDMONTON Oilers vs 7 for FLORIDA Panthers.